 Dungeon Crawl Stone Soup version 0.20.0-7-g3b7b877 (webtiles) character file.

3171 Gorglomux the Grappler (level 9, 0/83 HPs)
             Began as a Troll Ice Elementalist on May 29, 2017.
             Was an Initiate of Elyvilon.
             Slain by a killer bee (8 damage)
             ... on level 8 of the Dungeon.
             The game lasted 00:09:04 (5900 turns).

Gorglomux the Grappler (Troll Ice Elementalist)     Turns: 5900, Time: 00:09:04

Health: 0/83       AC:  5    Str: 18    XL:     9   Next: 63%
Magic:  9/9        EV: 11    Int: 11    God:    Elyvilon [......]
Gold:   280        SH:  0    Dex: 13    Spells: 9/10 levels left

rFire    . . .     SeeInvis +     - Unarmed
rCold    . . .     Gourm    +   (no shield)
rNeg     . . .     Faith    .   a - +0 robe
rPois    +         Spirit   .   (helmet restricted)
rElec    .         Reflect  .   (no cloak)
rCorr    .         Harm     .   (gloves unavailable)
MR       .....                  (boots unavailable)
Stlth    ++........             (no amulet)
Regen    0.7/turn               o - ring of poison resistance
MPRegen  0.2/turn               s - ring of see invisible

@: no status effects
A: unfitting armour, claws 3, fast metabolism 3, gourmand, regeneration 1,
shaggy fur 1, tough skin 2
a: Renounce Religion


You were on level 8 of the Dungeon.
You worshipped Elyvilon.
Elyvilon was noncommittal.
You were very full.

You visited 2 branches of the dungeon, and saw 9 of its levels.

You collected 280 gold pieces.

Inventory:

Armour
 a - a +0 robe (worn)
Jewellery
 o - a ring of poison resistance (left claw)
 s - a ring of see invisible (right claw)
Wands
 E - a wand of enslavement (13/24)
Scrolls
 e - 4 scrolls of teleportation {unknown}
 h - 5 scrolls of remove curse
 j - 2 scrolls of enchant armour {unknown}
 I - a scroll of enchant weapon {unknown}
 K - 4 scrolls of amnesia {unknown}
 M - 3 scrolls of noise {unknown}
 O - a scroll of fog {unknown}
 P - a scroll of immolation {unknown}
 R - 3 scrolls of identify
 T - 4 scrolls of recharging {unknown}
 U - a scroll of magic mapping {unknown}
 Z - a scroll of random uselessness {unknown}
Potions
 d - a potion of flight
 g - 2 potions of might
 k - 2 potions of agility
 l - 3 potions of heal wounds {unknown}
 F - 2 potions of cancellation {unknown}
 N - 2 potions of haste {unknown}
 Q - 5 potions of curing
 S - a potion of lignification {unknown}
 V - a potion of degeneration {unknown}
 W - 3 potions of mutation {unknown}
 X - 2 potions of invisibility
 Y - a potion of brilliance {unknown}
Books
 b - a book of Frost

   Spells                             Type                      Level
   a - Freeze                         Ice                          1
   b - Throw Frost                    Conjuration/Ice              2
   c - Ozocubu's Armour               Charms/Ice                   3
   d - Throw Icicle                   Conjuration/Ice              4
   e - Summon Ice Beast               Ice/Summoning                4
 f - a book of Misfortune

   Spells                             Type                      Level
   a - Confusing Touch                Hexes                        1
   b - Confuse                        Hexes                        3
   c - Gell's Gravitas                Translocation                3
   d - Petrify                        Transmutation/Earth          4
   e - Metabolic Englaciation         Hexes/Ice                    5
   f - Yara's Violent Unravelling     Hexes/Transmutation          5
Comestibles
 c - 10 bread rations
 z - 5 meat rations
 G - 3 fruits
 J - 5 royal jellies


   Skills:
 + Level 3.5 Fighting
 + Level 4.0 Dodging
 - Level 1.0 Stealth
 + Level 11.7 Unarmed Combat
 - Level 1.2 Spellcasting
   Level 0.6 Conjurations
 - Level 2.1 Ice Magic


You had 9 spell levels left.
You knew the following spells:

 Your Spells              Type           Power        Failure   Level  Hunger
a - Freeze                Ice            #...         13%         1    ##.....


Dungeon Overview and Level Annotations

Branches:
Dungeon (8/15)             Temple (1/1) D:6
   Lair: D:8-11

Altars:
Ashenzari
Cheibriados
Dithmenos
Elyvilon
Fedhas
Gozag
Hepliaklqana
Kikubaaqudgha
Makhleb
Nemelex Xobeh
Okawaru
Qazlal
Ru
Trog
Uskayaw
Vehumet
Xom
Yredelemnul
Zin
The Shining One

Shops:
D:6 (


Innate Abilities, Weirdness & Mutations

You are too large for most types of armour.
You have claws for hands.
Your metabolism is lightning-fast.
You like to eat raw meat.
Your natural rate of healing is unusually fast.
You are covered in fur. (AC +1)
You have very tough skin. (AC +2)


Message History

The orc wizard casts a spell.
The orc wizard blinks!
The killer bee barely misses you. The killer bee closely misses you.
The killer bee barely misses you.
Found a potion of might.
The orc wizard gestures at you while chanting.
The magic dart hits you! The killer bee stings you!
The orc wizard points at you and mumbles some strange words.
The magic dart hits you!
* * * LOW HITPOINT WARNING * * *
The killer bee barely misses you. The killer bee barely misses you.
The killer bee stings you!
* * * LOW HITPOINT WARNING * * *
Found 9 gold pieces.
The killer bee stings you but does no damage.
The orc wizard hits you with a dagger.
* * * LOW HITPOINT WARNING * * *
The killer bee stings you.
* * * LOW HITPOINT WARNING * * *
The killer bee stings you!
You die...

######.<.....#
#............#
#............#
#............#
#............#
#............#
#............######
#.....#######..#..###
#.....#......@.......
#.....'.....yyo......
#...(.#..............
#######..............
#.......o.......
#...............
#...............
##....##.####...
#....##.### ...


You could see 2 killer bees, an orc priest and an orc wizard.

Vanquished Creatures
  A yak (D:7)
  3 hogs (D:7)
  A human (D:7)
  A water moccasin (D:7)
  3 orc warriors
  An ice beast (D:6)
  3 ogres
  A phantom (D:4)
  A centaur (D:5)
  A crocodile (D:7)
  Blork the orc (D:5)
  3 bullfrogs
  A scorpion (D:4)
  A killer bee (D:8)
  4 crimson imps (D:3)
  2 lava snakes (D:7)
  A centaur zombie (D:6)
  2 centaur skeletons (D:6)
  4 hounds
  2 jellies
  5 orc wizards
  An iguana (D:4)
  2 worker ants
  A worker ant zombie (D:5)
  9 adders
  A howler monkey skeleton (D:6)
  2 oozes
  2 adder skeletons
  3 worms
  3 dart slugs
  6 leopard geckos
  17 orcs
  2 ball pythons (D:1)
  5 giant cockroaches
  5 hobgoblins
  12 jackals
  7 kobolds
  5 quokkas
  6 bats
  9 frilled lizards
  5 goblins
  A quokka zombie (D:5)
  7 rats
153 creatures vanquished.

Vanquished Creatures (collateral kills)
  Grinder (D:6)
  A goblin (D:6)
2 creatures vanquished.

Grand Total: 155 creatures vanquished

Notes
Turn   | Place    | Note
-------+----------+-------------------------------------------
     0 | D:1      | Gorglomux the Troll Ice Elementalist began the quest for the Orb.
     0 | D:1      | Reached XP level 1. HP: 16/16 MP: 1/1
    11 | D:1      | Reached skill level 1 in Unarmed Combat
    33 | D:1      | Reached XP level 2. HP: 14/24 MP: 2/2
   170 | D:1      | Reached skill level 2 in Unarmed Combat
   629 | D:1      | Found a sparkling altar of Nemelex Xobeh.
   784 | D:2      | Reached XP level 3. HP: 11/31 MP: 3/3
   824 | D:2      | HP: 1/31 [worm (8)]
   825 | D:2      | Reached skill level 3 in Unarmed Combat
   927 | D:2      | Found a shadowy altar of Dithmenos.
  1029 | D:2      | Reached XP level 4. HP: 35/39 MP: 4/4
  1094 | D:2      | Found a sparkling altar of Nemelex Xobeh.
  1606 | D:3      | Found an opulent altar of Gozag.
  1623 | D:3      | Reached skill level 4 in Unarmed Combat
  1965 | D:3      | Found a shimmering altar of Xom.
  1975 | D:3      | Reached XP level 5. HP: 45/45 MP: 5/5
  2029 | D:3      | Reached skill level 5 in Unarmed Combat
  2239 | D:3      | Reached skill level 6 in Unarmed Combat
  2239 | D:3      | Reached XP level 6. HP: 40/53 MP: 6/6
  2943 | D:4      | Reached skill level 7 in Unarmed Combat
  3037 | D:4      | Reached XP level 7. HP: 55/59 MP: 7/7
  3330 | D:5      | Entered Level 5 of the Dungeon
  3455 | D:5      | Noticed Blork the orc
  3464 | D:5      | Killed Blork the orc
  3464 | D:5      | Reached skill level 8 in Unarmed Combat
  3771 | D:6      | Found a staircase to the Ecumenical Temple.
  3847 | Temple   | Entered the Ecumenical Temple
  3979 | D:6      | Found a hide-covered altar of Uskayaw.
  4003 | D:6      | Reached skill level 9 in Unarmed Combat
  4023 | D:6      | Found a snail-covered altar of Cheibriados.
  4027 | D:6      | Reached XP level 8. HP: 55/67 MP: 8/8
  4191 | D:6      | Noticed Grinder
  4191 | D:6      | Found an iron altar of Okawaru.
  4204 | D:6      | Paralysed by Grinder for 2 turns
  4236 | D:6      | Paralysed by Grinder for 6 turns
  4260 | D:6      | Paralysed by Grinder for 6 turns
  4260 | D:6      | Killed Grinder
  4274 | D:6      | Reached skill level 10 in Unarmed Combat
  4405 | D:6      | Found a glowing golden altar of the Shining One.
  4754 | D:6      | Found Qyfofo's Weapon Boutique.
  4817 | D:7      | Reached skill level 11 in Unarmed Combat
  5171 | D:7      | Reached skill level 1 in Fighting
  5360 | D:7      | Reached XP level 9. HP: 55/76 MP: 9/9
  5489 | D:7      | Reached skill level 3 in Dodging
  5500 | D:7      | Reached skill level 3 in Fighting
  5644 | D:7      | Found an ancient bone altar of Kikubaaqudgha.
  5644 | D:7      | Found a white marble altar of Elyvilon.
  5685 | D:7      | Became a worshipper of Elyvilon the Healer
  5900 | D:8      | Slain by a killer bee

Skill      XL: |  1  2  3  4  5  6  7  8  9 |
---------------+----------------------------+-----
Unarmed Combat | 1 2 3 4 6 7 9 11 | 11.7
Fighting       | 1 3 |  3.5
Dodging        | 2 4 |  4.0
Stealth        | |  1.0
Spellcasting   | |  1.2
Conjurations   | |  0.6
Ice Magic      | |  2.1

Action                   |  1- 3 |  4- 6 |  7- 9 || total
-------------------------+-------+-------+-------++-------
Melee: Unarmed           |   107 |   151 |   219 ||   477
       Punch             |       |     1 |     7 ||     8
Evoke: Wand              |       |       |     2 ||     2
  Use: Scroll            |       |       |     6 ||     6
 Stab: Sleeping          |       |     4 |       ||     4
  Eat: Chunk             |    15 |    18 |    26 ||    59
Armor: Robe              |    56 |    41 |    52 ||   149
Dodge: Dodged            |    63 |    78 |   110 ||   251
